AoeStats
← Jujubignol

Scandinavia

510554117Analyzed
1v1 RM · 9h ago on Oct 1, 2026· 42m 9s· 2 players
Game mode
Random Map
Map size
Tiny (2 player)
Population
200
Speed
Normal
Resources
Standard
Victory
Conquest
Starting age
Dark Age
Ending age
Imperial Age
RankedLock teamsTeams togetherTeam positionsShared explorationLock speedFull tech treeHidden civsTurbo modeCheats
Victory
Defeat
🇮🇹 Dravidians · Italy
857
+16
🇫🇷 Spanish · France
863
-43
ilLobotomo
10:15 Loom
12:40 Feudal Age
14:36 Horse Collar
14:44 Double-Bit Axe
18:21 Castle Age
17:18 Wheelbarrow
19:33 Bow Saw
19:26 Heavy Plow
19:19 Gold Mining
19:19 Stone Mining
21:55 Hand Cart
23:49 Town Watch
26:33 Town Patrol
29:56 Imperial Age
31:04 Fletching
31:15 Padded Archer Armor
30:43 Elite Elephant Archer
31:39 Thumb Ring
32:51 Ballistics
33:44 Bodkin Arrow
37:26 Bracer
37:41 Leather Archer Armor
38:12 Medical Corps
38:28 Conscription
42:20 Ring Archer Armor
Jujubignol
0:57 Loom
13:37 Feudal Age
14:05 Double-Bit Axe
14:02 Horse Collar
22:16 Castle Age
20:58 Scale Barding Armor
21:04 Forging
23:20 Bloodlines
23:11 Husbandry
24:23 Fishing Lines
24:48 Heavy Plow
26:39 Gillnets
28:23 Wheelbarrow
27:47 Stone Mining
30:46 Hand Cart
31:14 Iron Casting
31:00 Chain Barding Armor
33:52 Gold Mining
37:53 Imperial Age
36:52 Stone Shaft Mining
36:18 Pikeman
37:22 Scale Mail Armor
40:33 Blast Furnace
40:09 Plate Barding Armor
40:24 Ballistics
41:05 Chemistry
40:22 Halberdier
41:51 Chain Mail Armor
Connection lost

Rejoining the realm…

Still unreachable

The connection could not be restored.

Session expired

The server has moved on; the page needs a fresh start.